 Dungeon Crawl Stone Soup version 0.21-a0-504-g2eda330 (webtiles) character file.

12502 Gorice the Destroyer (level 11, -3/68 HPs)
             Began as a Demonspawn Wanderer on Nov 25, 2017.
             Was a Priest of Nemelex Xobeh.
             Slain by a black mamba (14 damage)
             ... on level 1 of the Lair of Beasts.
             The game lasted 01:11:23 (14666 turns).

Gorice the Destroyer (Demonspawn Wanderer)         Turns: 14666, Time: 01:11:24

Health: -3/68      AC: 13    Str: 11    XL:     11   Next: 63%
Magic:  14/21      EV: 10    Int: 17    God:    Nemelex Xobeh [***...]
Gold:   556        SH:  0    Dex: 14    Spells: 9/24 levels left

rFire    + . .     SeeInvis .   a - +3 dagger (drain)
rCold    + + .     Gourm    .   (no shield)
rNeg     . . .     Faith    .   C - +0 leather armour {rF+}
rPois    .         Spirit   .   K - +0 helmet
rElec    .         Reflect  .   N - +0 cloak
rCorr    +         Harm     .   z - +0 pair of gloves
MR       .....                  V - +0 pair of boots {run}
Stlth    ++++......             D - amulet of magic regeneration
HPRegen  0.21/turn              m - ring of resist corrosion
MPRegen  0.42/turn              y - ring of protection from cold

@: sanguine armour, quick
A: claws 1, cold resistance 1, nightstalker 2, sanguine armour 1
a: Triple Draw, Renounce Religion


You were on level 1 of the Lair of Beasts.
You worshipped Nemelex Xobeh.
Nemelex Xobeh was most pleased with you.
You were hungry.

You visited 2 branches of the dungeon, and saw 10 of its levels.

You collected 556 gold pieces.

Inventory:

Hand Weapons
 a - a +3 dagger of draining (weapon)
   (You took it off a goblin on level 1 of the Dungeon)
 t - a +0 quarterstaff
 B - a +0 blowgun
 X - a +0 dagger of venom
   (You took it off an orc on level 9 of the Dungeon)
Missiles
 I - 5 javelins (quivered)
 W - 37 poisoned needles
 Y - 210 stones
Armour
 z - a +0 pair of gloves (worn)
 C - a +0 leather armour of fire resistance (worn)
   (You found it on level 3 of the Dungeon)
 K - a +0 helmet (worn)
 N - a +0 cloak (worn)
 V - a +0 pair of boots of running (worn)
   (You found it on level 4 of the Dungeon)
Magical Staves
 v - an uncursed staff of summoning {unknown}
Jewellery
 m - a ring of resist corrosion (left hand)
 y - a ring of protection from cold (right hand)
 D - an amulet of magic regeneration (around neck)
Wands
 d - a wand of digging (11)
 e - a wand of acid (8)
 n - a wand of paralysis (38)
 p - a wand of random effects (43)
 q - a wand of polymorph (14)
 u - a wand of iceblast (11)
 P - a wand of disintegration (8)
Scrolls
 c - 6 scrolls of teleportation {!r}
 A - 2 scrolls of fog
 Q - a scroll of enchant armour
 R - 2 scrolls of remove curse
 Z - a scroll of vulnerability {unknown}
Potions
 g - a potion of resistance {!q}
 h - 5 potions of curing
 i - a potion of lignification {!q}
 k - 3 potions of mutation {!q}
 l - a potion of invisibility {!q}
 o - a potion of haste {unknown}
 r - 2 potions of heal wounds {!q}
 F - 3 potions of cancellation {!q}
 J - a potion of agility {unknown}
 L - 3 potions of brilliance {unknown}
 M - 2 potions of ambrosia {unknown}
 S - a potion of flight {unknown}
Books
 b - the Reference Book on the Blaze

   Spells                             Type                      Level
   a - Flame Tongue                   Conjuration/Fire             1
   b - Ignite Poison                  Fire/Transmutation/Poison    3
 w - a book of Minor Magic
 U - a book of Misfortune
Miscellaneous
 j - a plain deck of destruction
 E - an ornate deck of summoning {drawn: 1}
Comestibles
 f - 11 bread rations {!e}
 s - 9 royal jellies
 x - 4 meat rations {!e}
 G - 3 fruits
 H - 3 chunks of flesh


   Skills:
 - Level 1.7 Stealth
 + Level 7.2 Spellcasting
 - Level 8.0 Conjurations
 + Level 7.1 Hexes
 - Level 6.1 Summonings
   Level 2.1 Necromancy
 - Level 6.1 Translocations
 - Level 7.0 Fire Magic
 + Level 5.1 Air Magic
 - Level 6.1 Poison Magic


You had 9 spell levels left.
You knew the following spells:

 Your Spells              Type           Power        Failure   Level  Hunger
a - Magic Dart            Conj           ####         1%          1    None
b - Flame Tongue          Conj/Fire      ####.        1%          1    None
c - Conjure Flame         Conj/Fire      ####....     1%          3    ##.....
d - Call Imp              Summ           ####....     1%          2    None
e - Mephitic Cloud        Conj/Pois/Air  ####....     3%          3    ##.....
f - Confuse               Hex            ####....     2%          3    ##.....
J - Blink                 Tloc           N/A          1%          2    None


Dungeon Overview and Level Annotations

Branches:
Dungeon (9/15)               Lair (1/6) D:9
 Temple: D:4-7          Orc: D:9-12

Altars:
Ashenzari
Cheibriados
Dithmenos
Elyvilon
Fedhas
Nemelex Xobeh

Shops:
D:5 (   D:8 (([*

Annotations:
D:3 Natasha


Innate Abilities, Weirdness & Mutations

You have sharp fingernails.
Your flesh is cold resistant. (rC+)
You are significantly more attuned to the shadows.
When seriously injured, your bleeding wounds create armour. (AC +6)


Message History

The black mamba poisons you! The black mamba barely misses you.
Damage: 11 (max 11)
You feel sick. The black mamba bites you!
* * * LOW HITPOINT WARNING * * *
You are lethally poisoned!
The black mamba poisons you!
Damage: 14 (max 14)
* * * LOW HITPOINT WARNING * * *
You feel very sick.
Damage: 3 (max 14)
* * * LOW HITPOINT WARNING * * *
You feel sick. The black mamba bites you.
* * * LOW HITPOINT WARNING * * *
You are more poisoned.
The black mamba poisons you!
Damage: 8 (max 14)
* * * LOW HITPOINT WARNING * * *
You feel very sick.
Damage: 2 (max 14) Unknown command.
Casting: Confuse
Confirm with . or Enter, or press ? or * to list all spells.
Aiming: Confuse
Press: ? - help, Shift-Dir - straight line, f - black mamba
Aim: a black mamba (chance to defeat MR: 59%)
The black mamba resists with significant effort.
* * * LOW HITPOINT WARNING * * *
You feel very sick. The black mamba closely misses you.
The black mamba barely misses you.
Damage: 4 (max 14) Unknown command.
You feel better. The black mamba closely misses you.
The black mamba bites you but does no damage.
Casting: Confuse
Confirm with . or Enter, or press ? or * to list all spells.
Aiming: Confuse
Press: ? - help, Shift-Dir - straight line, f/p - black mamba
Aim: a black mamba (chance to defeat MR: 59%)
The black mamba resists with significant effort.
The black mamba barely misses you. x2
Casting: Confuse
Confirm with . or Enter, or press ? or * to list all spells.
Aiming: Confuse
Press: ? - help, Shift-Dir - straight line, f/p - black mamba
Aim: a black mamba (chance to defeat MR: 59%)
The black mamba resists with significant effort.
The black mamba bites you but does no damage.
The black mamba bites you!
You die...
Your body disappears without a glow.

##.......## ......#
##....<....# ......##
##..........# .......##
#...........# ........####
##........(.. ....)......#
##...........
....?......###......#.....
..........###..#...##
...........##@######
..........YYS##
...........Yr#
............##
............#
............#
#P............##
#.............##
................


You could see a black mamba, 3 yaks and a porcupine.

Vanquished Creatures
  Gastronok (D:8)
  A centaur warrior (D:9)
  3 death yaks (D:9)
  A cyclops (D:9)
  Joseph (D:8)
  A gargoyle (D:9)
  A kobold demonologist (D:9)
  2 hippogriffs (D:9)
  A human (D:9)
  3 hogs (D:9)
  A basilisk (Lair:1)
  6 yaks (D:9)
  3 water moccasins
  2 orc warriors
  A porcupine (D:9)
  3 ice beasts
  2 sky beasts (D:7)
  A black bear (D:7)
  2 phantoms
  5 ogres
  3 necrophages
  3 centaurs
  A crocodile (Lair:1)
  A big kobold (D:8)
  Blork the orc (D:4)
  2 bullfrogs
  3 scorpions
  9 killer bees
  An electric eel (D:6)
  A howler monkey (D:9)
  2 crimson imps (D:7)
  2 bullfrog zombies
  A centaur zombie (D:6)
  5 hounds
  2 bullfrog skeletons (D:6)
  3 orc priests
  A centaur skeleton (D:9)
  12 orc wizards
  An iron imp (D:5)
  8 worker ants
  A hell rat (D:9)
  An iguana (D:6)
  Natasha (twice) (D:3)
  A hound skeleton (D:8)
  2 hound zombies (D:9)
  A worker ant zombie (D:9)
  2 howler monkey skeletons (D:5)
  10 adders
  A river rat (D:9)
  5 shadow imps
  An ooze (D:1)
  2 worms
  5 dart slugs
  5 leopard geckos
  40 orcs
  14 giant cockroaches
  9 goblins
  5 hobgoblins
  8 jackals
  11 kobolds
  11 quokkas
  8 bats
  2 frilled lizards
  9 rats
259 creatures vanquished.

Vanquished Creatures (collateral kills)
  A two-headed ogre (D:6)
  A wyvern (D:7)
  A hound (D:7)
  An iguana (D:6)
  Ijyb (D:3)
  A leopard gecko (D:6)
  An orc (D:4)
  A kobold (D:8)
8 creatures vanquished.

Vanquished Creatures (others)
  An orc warrior (D:9)
1 creature vanquished.

Grand Total: 268 creatures vanquished

Notes
Turn   | Place    | Note
-------+----------+-------------------------------------------
     0 | D:1      | Gorice the Demonspawn Wanderer began the quest for the Orb.
     0 | D:1      | Gorice set off with: a book of Minor Magic, the Reference Book on the Blaze, a scroll of teleportation {!r}, a +0 robe, a +0 dagger, a bread ration {!e}
     0 | D:1      | Reached XP level 1. HP: 13/13 MP: 7/7
     0 | D:1      | Identified the Reference Book on the Blaze
     2 | D:1      | Learned a level 1 spell: Flame Tongue
     4 | D:1      | Learned a level 1 spell: Magic Dart
   207 | D:1      | Reached skill level 1 in Conjurations
   275 | D:1      | Gained mutation: When seriously injured, your bleeding wounds create armour. (AC +6) [demonic ancestry]
   275 | D:1      | Reached XP level 2. HP: 19/19 MP: 6/9
   287 | D:1      | Reached skill level 1 in Fire Magic
   944 | D:1      | Reached XP level 3. HP: 24/24 MP: 8/10
   958 | D:1      | Learned a level 3 spell: Conjure Flame
   961 | D:1      | Learned a level 2 spell: Call Imp
  1007 | D:1      | Reached skill level 2 in Conjurations
  1035 | D:1      | HP: 7/24 [hobgoblin/club (6)]
  1689 | D:2      | Reached skill level 2 in Fire Magic
  1743 | D:2      | Reached XP level 4. HP: 30/30 MP: 4/12
  1911 | D:2      | Reached skill level 1 in Summonings
  2063 | D:2      | Found a white marble altar of Elyvilon.
  2064 | D:2      | Found a sparkling altar of Nemelex Xobeh.
  2073 | D:2      | Became a worshipper of Nemelex Xobeh the Trickster
  2257 | D:2      | Received a gift from Nemelex Xobeh
  2459 | D:3      | Noticed Natasha
  2464 | D:3      | Killed Natasha
  2548 | D:2      | Reached XP level 5. HP: 35/35 MP: 4/13
  2645 | D:3      | HP: 4/35 [orc priest/divine providence (12)]
  2982 | D:3      | Reached skill level 3 in Conjurations
  2989 | D:3      | Reached skill level 2 in Summonings
  3016 | D:3      | Noticed an orc warrior
  3088 | D:3      | Killed an orc warrior
  3088 | D:3      | Reached skill level 3 in Fire Magic
  3287 | D:3      | Found a blossoming altar of Fedhas.
  3300 | D:3      | Noticed Natasha
  3314 | D:3      | Gained mutation: Your flesh is cold resistant. (rC+) [demonic ancestry]
  3314 | D:3      | Reached XP level 6. HP: 33/41 MP: 12/15
  3345 | D:3      | Killed Natasha
  3449 | D:2      | Learned a level 2 spell: Blink
  3591 | D:3      | Noticed Natasha
  3616 | D:3      | Noticed Ijyb
  3626 | D:3      | Killed Ijyb
  3770 | D:4      | Noticed Blork the orc
  3777 | D:4      | Killed Blork the orc
  3777 | D:4      | Reached skill level 3 in Summonings
  3977 | D:4      | Identified a +0 pair of boots of running (You found it on level 4 of the Dungeon)
  3977 | D:4      | --wow +0 boots of running!
  4106 | D:4      | Reached skill level 4 in Conjurations
  4325 | D:4      | Reached * piety under Nemelex Xobeh
  4627 | D:5      | Entered Level 5 of the Dungeon
  4632 | D:5      | Received a gift from Nemelex Xobeh
  4798 | D:5      | Found Ebipp's Weapon Shoppe.
  5186 | D:5      | Found a snail-covered altar of Cheibriados.
  5216 | D:5      | Noticed an ice beast
  5229 | D:5      | Killed an ice beast
  5229 | D:5      | Reached skill level 4 in Fire Magic
  5229 | D:5      | Gained mutation: You have sharp fingernails. [demonic ancestry]
  5229 | D:5      | Reached XP level 7. HP: 46/46 MP: 11/16
  5268 | D:5      | Received a gift from Nemelex Xobeh
  5684 | D:6      | Reached skill level 4 in Summonings
  5916 | D:6      | Noticed a two-headed ogre
  5930 | D:6      | HP: 11/46 [two-headed ogre/giant club (8)]
  5945 | D:6      | Reached ** piety under Nemelex Xobeh
  5957 | D:6      | Killed a two-headed ogre
  5957 | D:6      | Reached skill level 6 in Conjurations
  5957 | D:6      | Reached skill level 5 in Summonings
  5957 | D:6      | Reached skill level 5 in Fire Magic
  5957 | D:6      | Gained mutation: You are slightly more attuned to the shadows. [demonic ancestry]
  5957 | D:6      | Reached XP level 8. HP: 16/52 MP: 6/17
  6241 | D:6      | HP: 13/52 [centaur/arrow (10)]
  6242 | D:6      | HP: 6/52 [centaur/arrow (7)]
  6760 | D:6      | Reached skill level 1 in Translocations
  6831 | D:6      | Received a gift from Nemelex Xobeh
  6984 | D:6      | Found a shattered altar of Ashenzari.
  7223 | D:6      | Found a shadowy altar of Dithmenos.
  7385 | D:7      | Reached skill level 6 in Summonings
  7507 | D:7      | Reached skill level 2 in Translocations
  7507 | D:7      | Reached skill level 6 in Fire Magic
  7594 | D:7      | Reached XP level 9. HP: 57/57 MP: 10/18
  7599 | D:7      | Learned a level 3 spell: Mephitic Cloud
  8364 | D:7      | Reached skill level 7 in Conjurations
  8364 | D:7      | Reached skill level 3 in Translocations
  8973 | D:7      | Received a gift from Nemelex Xobeh
  9059 | D:7      | Reached skill level 4 in Translocations
  9297 | D:8      | Found Diqupuvi's Weapon Boutique.
  9314 | D:8      | Reached skill level 7 in Fire Magic
  9448 | D:8      | Noticed Gastronok
  9459 | D:8      | Found Mifidgh's Armour Boutique.
  9459 | D:8      | Found Voxidono's Assorted Antiques.
  9856 | D:8      | Reached skill level 1 in Poison Magic
 10152 | D:8      | Noticed Joseph
 10174 | D:8      | Reached skill level 8 in Conjurations
 10196 | D:8      | Reached skill level 2 in Poison Magic
 10201 | D:8      | Learned a level 3 spell: Confuse
 10502 | D:8      | Reached skill level 1 in Hexes
 10571 | D:8      | Found Abuwnopt's Antique Weapon Shoppe.
 10614 | D:8      | Gained mutation: You are significantly more attuned to the shadows. [demonic ancestry]
 10614 | D:8      | Reached XP level 10. HP: 21/63 MP: 19/19
 10635 | D:8      | HP: 6/63 [Gastronok/the air (20)]
 10639 | D:8      | Killed Gastronok
 10639 | D:8      | Reached skill level 3 in Hexes
 10639 | D:8      | Reached skill level 5 in Translocations
 10639 | D:8      | Reached skill level 4 in Poison Magic
 10941 | D:8      | Killed Joseph
 10941 | D:8      | Reached skill level 4 in Hexes
 10941 | D:8      | Reached skill level 6 in Translocations
 11293 | D:9      | Reached skill level 1 in Air Magic
 11328 | D:9      | Reached skill level 5 in Poison Magic
 11619 | D:9      | Reached skill level 2 in Air Magic
 11701 | D:9      | Noticed a cyclops
 11716 | D:9      | Reached skill level 5 in Hexes
 11728 | D:9      | Noticed a gargoyle
 11782 | D:9      | Reached XP level 11. HP: 27/68 MP: 8/20
 11999 | D:9      | Noticed a centaur warrior
 12010 | D:9      | Noticed a death yak
 12024 | D:9      | Noticed a death yak
 12025 | D:9      | Killed a death yak
 12025 | D:9      | Reached skill level 3 in Air Magic
 12025 | D:9      | Reached skill level 6 in Poison Magic
 12032 | D:9      | Noticed a death yak
 12033 | D:9      | HP: 7/68 [death yak (21)]
 12049 | D:9      | HP: 7/68 [orc/stone (3)]
 12451 | D:9      | Killed a death yak
 12468 | D:9      | HP: 15/68 [death yak (11)]
 12469 | D:9      | Killed a death yak
 12469 | D:9      | Reached skill level 6 in Hexes
 12469 | D:9      | Reached skill level 4 in Air Magic
 12749 | D:9      | Killed a centaur warrior
 13031 | D:9      | HP: 20/68 [poisoned by a killer bee]
 13036 | D:9      | HP: 15/68 [poisoned by a killer bee]
 13041 | D:9      | HP: 11/68 [poisoned by a killer bee]
 13046 | D:9      | HP: 8/68 [poisoned by a killer bee]
 13052 | D:8      | HP: 7/68 [poisoned by a killer bee]
 13058 | D:8      | HP: 6/68 [poisoned by a killer bee]
 13066 | D:8      | HP: 6/68 [poisoned by a killer bee]
 13632 | D:9      | Found a staircase to the Lair.
 13653 | D:9      | Received a gift from Nemelex Xobeh
 13838 | D:9      | Reached skill level 7 in Spellcasting
 14140 | D:9      | Reached skill level 7 in Hexes
 14140 | D:9      | Reached skill level 5 in Air Magic
 14249 | D:9      | Reached *** piety under Nemelex Xobeh
 14546 | Lair:1   | Entered Level 1 of the Lair of Beasts
 14660 | Lair:1   | HP: 18/68 [poisoned by a black mamba]
 14662 | Lair:1   | HP: 8/68 [poisoned by a black mamba]
 14666 | Lair:1   | Slain by a black mamba

Vault maps used:
D:1:      dpeg_arrival_ternary, serial_forest, infiniplex_forest_straight_3,
          infiniplex_forest_join, infiniplex_forest_clump_C,
          infiniplex_forest_clump_curved, infiniplex_forest_lined_4_way,
          infiniplex_forest_lined_3_way
D:2:      gammafunk_temple_overflow_statue, serial_undead, serial_undead_d,
          serial_undead_c, serial_undead_c, serial_undead_b,
          palyth_stone_intersect
D:3:      fedhas_altar_1, uniq_natasha, uniq_ijyb
D:4:      uniq_blork_the_orc
D:5:      slow_altar_1, minmay_temple_entry_from_below_a, first_bread,
          serial_shops, shop
D:6:      basic_altar, serial_bayou_ford_a, grunt_dithmenos_smoke_and_mirrors
D:8:      serial_shops, nicolae_shop_stone,
          nicolae_shop_temple_entry_statues_fountains, shop, shop,
          uniq_gastronok, uniq_joseph
D:9:      minmay_ornate_pinched, dpeg_lair_monsters, grunt_livestock
Lair:1:   wad_woods_03

Skill      XL: |  1  2  3  4  5  6  7  8  9 10 11 |
---------------+----------------------------------+-----
Conjurations   | 1 2 3 4 6 8 |  8.0
Fire Magic     | 1 2 3 4 5 6 7 |  7.0
Summonings     | 1 2 3 5 6 |  6.1
Translocations | 2 4 6 |  6.1
Poison Magic   | 2 5 6 |  6.1
Hexes          | 1 5 7 |  7.1
Air Magic      | 2 5 |  5.1
Spellcasting   | 7 |  7.2
Stealth        | |  1.7
Necromancy     | |  2.1

Action                   |  1- 3 |  4- 6 |  7- 9 | 10-12 || total
-------------------------+-------+-------+-------+-------++-------
Melee: Dagger            |    41 |    95 |   141 |   172 ||   449
 Fire: Blowgun           |       |       |     1 |     4 ||     5
 Cast: Magic Dart        |    51 |    64 |    61 |    33 ||   209
       Flame Tongue      |    43 |    62 |   175 |   129 ||   409
       Call Imp          |       |    12 |    20 |     3 ||    35
       Conjure Flame     |       |       |    27 |    41 ||    68
       Mephitic Cloud    |       |       |     3 |     5 ||     8
       Confuse           |       |       |       |    20 ||    20
Evoke: Deck              |       |       |     1 |       ||     1
  Use: Scroll            |     5 |     8 |     5 |       ||    18
       Potion            |       |       |       |     2 ||     2
 Stab: Sleeping          |       |     3 |     3 |    10 ||    16
       Distracted        |       |       |     1 |     2 ||     3
       Confused          |       |       |       |     5 ||     5
  Eat: Chunk             |     2 |    11 |    13 |    13 ||    39
       Royal jelly       |       |       |     2 |     1 ||     3
Armor: Robe              |    11 |    11 |       |       ||    22
       Leather armour    |       |    27 |    78 |    87 ||   192
Dodge: Dodged            |    37 |    55 |   112 |   108 ||   312

Table legend:
 A = Spawn XP
 B = Non-spawn XP
 C = Spawn XP percentage of total XP
 D = Spawn monster count
 E = Non-spawn monster count
 F = Spawn count percentage of total count
 G = Total turns spent on level
                    A         B        C        D         E        F      G
               +---------+---------+-------+---------+---------+-------+---------
         Total |       0 |   17861 |   0.0 |       0 |     268 |   0.0 | 14666
               +---------+---------+-------+---------+---------+-------+---------
           D:1 |       0 |      67 |   0.0 |       0 |      32 |   0.0 |  1582
           D:2 |       0 |     104 |   0.0 |       0 |      29 |   0.0 |  1428
           D:3 |       0 |     289 |   0.0 |       0 |      16 |   0.0 |   700
           D:4 |       0 |     216 |   0.0 |       0 |      18 |   0.0 |   917
           D:5 |       0 |     215 |   0.0 |       0 |      10 |   0.0 |  1084
           D:6 |       0 |    1562 |   0.0 |       0 |      17 |   0.0 |  1629
           D:7 |       0 |    1965 |   0.0 |       0 |      48 |   0.0 |  2108
           D:8 |       0 |    4089 |   0.0 |       0 |      33 |   0.0 |  2486
           D:9 |       0 |    8799 |   0.0 |       0 |      61 |   0.0 |  2612
        Lair:1 |       0 |     555 |   0.0 |       0 |       4 |   0.0 |   120
               +---------+---------+-------+---------+---------+-------+---------

Table legend:
 A = Turns spent in this place as a percentage of turns spent in the entire game.
 B = Non-inter-level travel turns spent in this place as a percentage of non-inter-level travel turns spent in the entire game.
 C = Inter-level travel turns spent in this place as a percentage of turns spent in this place.
 D = Turns resting spent in this place as a percentage of non-inter-level travel turns spent in this place.
 E = Turns spent auto-exploring this place as a percentage of non-inter-level travel turns spent in this place.
 F = Non-inter-level travel turns spent in this place divided by the number of levels of this place that you've seen.
                   A       B       C       D       E      F
               +-------+-------+-------+-------+-------+----------------------
         Total | 100.0 | 100.0 |   3.1 |  44.8 |  26.4 | 1421.6
       Dungeon |  99.2 |  99.2 |   3.1 |  45.1 |  26.6 | 1566.2
          Lair |   0.8 |   0.8 |   0.0 |  11.7 |   9.2 | 120.0
               +-------+-------+-------+-------+-------+----------------------

Vault maps used:
D:1:      dpeg_arrival_ternary, serial_forest, infiniplex_forest_straight_3,
          infiniplex_forest_join, infiniplex_forest_clump_C,
          infiniplex_forest_clump_curved, infiniplex_forest_lined_4_way,
          infiniplex_forest_lined_3_way
D:2:      gammafunk_temple_overflow_statue, serial_undead, serial_undead_d,
          serial_undead_c, serial_undead_c, serial_undead_b,
          palyth_stone_intersect
D:3:      fedhas_altar_1, uniq_natasha, uniq_ijyb
D:4:      uniq_blork_the_orc
D:5:      slow_altar_1, minmay_temple_entry_from_below_a, first_bread,
          serial_shops, shop
D:6:      basic_altar, serial_bayou_ford_a, grunt_dithmenos_smoke_and_mirrors
D:8:      serial_shops, nicolae_shop_stone,
          nicolae_shop_temple_entry_statues_fountains, shop, shop,
          uniq_gastronok, uniq_joseph
D:9:      minmay_ornate_pinched, dpeg_lair_monsters, grunt_livestock
Lair:1:   wad_woods_03
